 Dungeon Crawl Stone Soup version 0.29-a0-322-g68df515428 (webtiles) character file.

Game seed: 11872539637909902530

51 calli0pe the Ruffian (level 4, -3/35 HPs)
             Began as a Human Berserker on Apr 8, 2022.
             Was an Initiate of Gozag.
             Slain by a white imp (7 damage)
             ... on level 5 of the Dungeon.
             The game lasted 00:03:49 (556 turns).

calli0pe the Ruffian (Human Berserker)               Turns: 556, Time: 00:03:49

Health: -3/35      AC:  8    Str: 19    XL:     4   Next: 7%
Magic:  4/4        EV:  8    Int:  7    God:    Gozag
Gold:   126        SH:  0    Dex: 13    Spells: 3/3 levels left

rFire   + . .      SeeInvis .   h - +0 long sword
rCold   x . .      Faith    .   (no shield)
rNeg    . . .      Spirit   .   f - +0 chain mail
rPois   .          Reflect  .   (no helmet)
rElec   .          Harm     .   (no cloak)
rCorr   .          Rampage  .   (no gloves)
Will    .....                   (no boots)
Stlth   ..........              g - amulet of the acrobat
HPRegen 0.11/turn               d - ring of fire
MPRegen 0.09/turn               (no ring)

@: no status effects
A: no striking features
a: Renounce Religion, Potion Petition, Call Merchant, Bribe Branch


You were on level 5 of the Dungeon.
You worshipped Gozag.
Gozag was aware of your devotion.
You visited 1 branch of the dungeon, and saw 6 of its levels.

You collected 126 gold pieces.

Inventory:

Hand Weapons
 b - a +0 dagger
 h - a +0 long sword (weapon)
Armour
 a - a +0 animal skin
 c - a +0 ring mail
 f - a +0 chain mail (worn)
Jewellery
 d - a ring of fire (left hand)
 g - an amulet of the acrobat (around neck)
Scrolls
 e - a scroll of identify {unknown}


   Skills:
 + Level 3.5 Fighting
 + Level 2.3 Armour
 + Level 2.3 Dodging
 + Level 3.7 Unarmed Combat


You had 3 spell levels left.
You didn't know any spells.
Your spell library was empty.

Dungeon Overview and Level Annotations

Branches:
Dungeon (6/15)
 Temple: D:4-7

Altars:
Gozag


Message History

The iguana is almost dead.
The iguana bites you but does no damage.
You hit the iguana.
You kill the iguana!
You have reached level 4!
You feel agile.
You now have 126 gold pieces (gained 5).
A white imp comes into view.
The white imp shouts, "Slither home, thou ducking shard-borne measle!"
You see here a +0 long sword.
You can't go down here!
h - a +0 long sword
h - a +0 long sword (weapon)
The white imp gestures at you. The puff of frost hits you.
* * * LOW HITPOINT WARNING * * *
The white imp gestures at you.
The puff of frost hits you but does no damage.
The white imp gestures at you. The puff of frost misses you.
The white imp puffs mist at you.
There is a stone staircase leading down here.
The white imp hits you.
* * * LOW HITPOINT WARNING * * *
The white imp freezes you.
You feel a terrible chill!
* * * LOW HITPOINT WARNING * * *
You climb downwards.
Found 20 gold pieces and a plate armour.
Found a stone staircase leading down.
There is a stone staircase leading up here.
Your library has no spells.
The white imp hits you but does no damage.
You climb upwards.
There is a stone staircase leading down here.
The white imp completely misses you.
You closely miss the white imp. The white imp hits you.
* * * LOW HITPOINT WARNING * * *
The white imp freezes you!
You feel a terrible chill!
You die...
Your body crumbles into a pile of gold.

#...## ##.....##
.........##
#.........##
#.........##
#..........##
#..........##
###......>@.#<##
$..........5.#..#
#..........#..#
##........##.##
#............#
##...........#
#....#........#
#....###...####..#
#.... #..## ##


You could see a white imp.

Vanquished Creatures
  An iguana (D:5)
  An adder (D:3)
  A worm (D:3)
  2 dart slugs (D:4)
  An orc (D:3)
  An endoplasm (D:4)
  A kobold (D:3)
  A quokka (D:1)
  A bat (D:1)
  A rat (D:3)
11 creatures vanquished.

Vanquished Creatures (others)
  4 plants (D:1)
4 creatures vanquished.

Grand Total: 15 creatures vanquished

Notes
Turn   | Place    | Note
-------+----------+-------------------------------------------
     0 | D:1      | calli0pe the Human Berserker began the quest for the Orb.
     0 | D:1      | Reached XP level 1. HP: 18/18 MP: 1/1
    93 | D:1      | Found a faded altar of an unknown god.
   121 | D:1      | Prayed at the altar of an unknown god.
   121 | D:1      | Fell from the grace of Trog
   121 | D:1      | Became a worshipper of Gozag Ym Sagoz the Greedy
   255 | D:2      | You fall into a shaft and drop 1 floor!
   282 | D:3      | Reached XP level 2. HP: 24/24 MP: 2/2
   428 | D:4      | Reached XP level 3. HP: 15/29 MP: 3/3
   517 | D:5      | Entered Level 5 of the Dungeon
   537 | D:5      | Reached XP level 4. HP: 11/35 MP: 4/4
   552 | D:6      | Noticed a necrophage
   556 | D:5      | Slain by a white imp

Illustrated notes

Levels and vault maps discovered:
D:1:      evilmike_arrival_plus, layout_rooms,
          shapermc_ecumenical_altar_pompeii, hangedman_decor_clover_reticule
D:2:      kb_forest_paths, layout_basic, serial_co_window_serial,
          co_window_corner_a, co_window_paths_b, co_window_of_opportunity_a,
          co_window_paths_b, co_window_paths_a, co_window_corner_a,
          co_window_corner_a, co_window_2corner, co_window_corner_ca,
          glass_columns_c, basic_altar, minmay_domino_2
D:3:      wander_river, layout_basic, mainiacjoe_overflow_tiny_flanked,
          mainiacjoe_overflow_large_starburst
D:4:      layout_loops_corners
D:5:      layout_layer_cave, mainiacjoe_overflow_alcove_4, uniq_grinder,
          uniq_edmund
D:6:      layout_cave_pools, minmay_temple_entry_drinking_statues, serial_shops,
          nicolae_stop_n_shop_2, grunt_decor_arrowhead,
          chequers_serial_rivers_large_b, uniq_sigmund

Action                   |  1- 3 |  4- 6 || total
-------------------------+-------+-------++-------
Melee: Unarmed           |    52 |       ||    52
       Punch             |     2 |       ||     2
       Long sword        |       |     1 ||     1
Armor: Animal skin       |     5 |       ||     5
       Chain mail        |    12 |     2 ||    14
Dodge: Dodged            |    25 |     2 ||    27

Table legend: (Time is in decaauts)
 A = Elapsed time spent in this place.
 B = Non-inter-level travel time spent in this place.
 C = Inter-level travel time spent in this place.
 D = Time resting spent in this place.
 E = Time spent auto-exploring this place.
 F = Levels seen in this place.
 G = Mean time per level.
                   A        B        C        D        E       F      G
               +--------+--------+--------+--------+--------+-----+--------+
         Total |    620 |    620 |      0 |      0 |      0 |   6 |  103.3 |
       Dungeon |    620 |    620 |      0 |      0 |      0 |   6 |  103.3 |
               +--------+--------+--------+--------+--------+-----+--------+

Top non-repeatable levels by time:
     D:1: 241 daAuts
     D:3: 196 daAuts
     D:4: 132 daAuts
     D:5: 36 daAuts
     D:2: 11 daAuts
     D:6: 1 daAuts
